 Dungeon Crawl Stone Soup version 0.24-a0-443-g80245de385 (webtiles) character file.

Game seed: 9437066317771602259

4900 Peloso the Blocker (level 10, 0/86 HPs)
             Began as a Minotaur Fighter on June 21, 2019.
             Was a Believer of Okawaru.
             Slain by Joseph
             ... wielding a +0 quarterstaff
              (11 damage)
             ... on level 8 of the Dungeon.
             The game lasted 00:18:36 (8005 turns).

Peloso the Blocker (Minotaur Fighter)               Turns: 8005, Time: 00:18:36

Health: 0/86       AC: 14    Str: 23    XL:     10   Next: 27%
Magic:  8/9        EV: 12    Int:  5    God:    Okawaru [**....]
Gold:   373        SH: 15    Dex: 11    Spells: 9/9 levels left

rFire    . . .     SeeInvis .   a - +1 long sword
rCold    . . .     Gourm    .   c - +1 shield
rNeg     + . .     Faith    .   i - +0 chain mail
rPois    +         Spirit   .   (helmet restricted)
rElec    .         Reflect  .   q - +0 cloak
rCorr    .         Harm     .   (no gloves)
MR       .....                  (no boots)
Stlth    ..........             (no amulet)
HPRegen  0.24/turn              m - ring of positive energy
MPRegen  0.11/turn              v - ring of poison resistance

@: lethally poisoned (0 -> 0), heroism, slowed, very slow
A: retaliatory headbutt, horns 2
a: Heroism, Renounce Religion


You were on level 8 of the Dungeon.
You worshipped Okawaru.
Okawaru was pleased with you.
You were not hungry.

You visited 2 branches of the dungeon, and saw 9 of its levels.

You collected 373 gold pieces.

Inventory:

Hand Weapons
 a - a +1 long sword (weapon)
Armour
 b - a +0 scale mail
 c - a +1 shield (worn)
 i - a +0 chain mail (worn)
 q - a +0 cloak (worn)
Jewellery
 d - an uncursed ring of protection from fire
 m - a ring of positive energy (left hand)
 s - an uncursed ring of resist corrosion
 v - a ring of poison resistance (right hand)
Wands
 y - a wand of acid (11)
 B - a wand of flame (47)
Scrolls
 e - a scroll of identify
 g - 4 scrolls of blinking
 k - a scroll of magic mapping
 n - 5 scrolls of amnesia
 o - 4 scrolls of remove curse
 r - 4 scrolls of teleportation
 u - 4 scrolls of noise {unknown}
Potions
 h - 2 potions of flight
 j - 2 potions of agility
 l - 2 potions of haste
 p - a potion of ambrosia
 t - 2 potions of curing
 w - 2 potions of might
 x - 2 potions of berserk rage {unknown}
 z - 2 potions of mutation {unknown}
 A - 2 potions of degeneration {unknown}
Comestibles
 f - 16 rations
 C - a chunk of flesh


   Skills:
 + Level 7.6(12.6) Fighting
 + Level 10.3(15.3) Long Blades
 + Level 8.7(13.7) Armour
 + Level 3.5(8.5) Dodging
 + Level 1.0(6.0) Stealth
 + Level 10.6(15.6) Shields


You had 9 spell levels left.
You didn't know any spells.
Your spell library was empty.

Dungeon Overview and Level Annotations

Branches:
Dungeon (8/15)             Temple (1/1) D:6
   Lair: D:8-11

Altars:
Ashenzari
Cheibriados
Dithmenos
Elyvilon
Fedhas
Gozag
Hepliaklqana
Kikubaaqudgha
Makhleb
Nemelex Xobeh
Okawaru
Qazlal
Ru
Sif Muna
Trog
Uskayaw
Vehumet
Wu Jian
Xom
Yredelemnul
Zin

Annotations:
D:8 Joseph


Innate Abilities, Weirdness & Mutations

You reflexively headbutt those who attack you in melee.
You have a pair of horns on your head.


Message History

You block the orc wizard's attack. x2
Items here: )))) / ? [[ ††† You hit Joseph but do no damage.
You headbutt Joseph!
Joseph is heavily wounded.
You block the orc wizard's attack. Joseph hits you with a +0 quarterstaff!
* * * LOW HITPOINT WARNING * * *
You block the orc wizard's attack.
The orc wizard hits you but does no damage.
You slice Joseph!! Your headbutt misses Joseph.
Joseph is almost dead.
You feel sick. You block Joseph's attack.
The orc wizard hits you but does no damage.
The orc wizard mumbles some strange words.
The orc wizard seems to speed up.
Unknown command.
Unknown command.
You completely miss Joseph.
Joseph is almost dead.
The orc wizard completely misses you. Joseph hits you with a +0 quarterstaff!
You die...

..## ##..####### #
#.........####.#
#.........##.#.
#####....[........
...)..........##.#
.#######..######.#
.# #........# #o# ##
#........# ##@#
####........###o@#
................(#
.............###.###
.............##((..#
.............##..).#
....#######.###....#
....# ... #....#
...... .... #....#


You could see Joseph and 2 orc wizards.

Vanquished Creatures
  An unseen horror (D:8)
  Pikel (D:7)
  Maurice (D:8)
  Grinder (D:4)
  Grum (D:8)
  Edmund (D:4)
  Duvessa (D:4)
  An orc warrior (D:8)
  A sky beast (D:6)
  2 phantoms
  A black bear (D:7)
  4 ogres
  2 wolves (D:8)
  3 centaurs
  A big kobold (D:5)
  5 bullfrogs
  Dowan (D:4)
  2 scorpions
  3 killer bees (D:8)
  2 howler monkeys
  A centaur zombie (D:7)
  3 crimson imps
  2 hounds
  A bullfrog skeleton (D:8)
  3 jellies
  3 orc priests (D:6)
  A centaur skeleton (D:5)
  2 iguanas
  5 orc wizards
  6 worker ants
  A killer bee zombie (D:6)
  2 hound skeletons
  2 worker ant zombies
  A howler monkey skeleton (D:5)
  6 gnolls
  8 adders
  A shadow imp (D:5)
  13 oozes
  5 adder skeletons
  2 worms
  4 dart slugs
  7 leopard geckos
  16 orcs
  7 bats
  6 giant cockroaches
  6 hobgoblins
  7 jackals
  15 kobolds
  6 quokkas
  A ball python (D:5)
  6 frilled lizards
  A giant cockroach zombie (D:5)
  15 goblins
  A jackal skeleton (D:5)
  7 rats
  A bush (D:5)
  2 plants (D:5)
211 creatures vanquished.

Vanquished Creatures (others)
  A worker ant (D:6)
  3 goblins (D:6)
  3 fungi (D:2)
  8 toadstools (D:2)
15 creatures vanquished.

Grand Total: 226 creatures vanquished

Notes
Turn   | Place    | Note
-------+----------+-------------------------------------------
     0 | D:1      | Peloso the Minotaur Fighter began the quest for the Orb.
     0 | D:1      | Reached XP level 1. HP: 19/19 MP: 0/0
   117 | D:1      | Reached XP level 2. HP: 27/27 MP: 1/1
   704 | D:1      | Reached XP level 3. HP: 33/33 MP: 2/2
  1004 | D:2      | Reached XP level 4. HP: 26/40 MP: 3/3
  1278 | D:2      | Reached skill level 1 in Dodging
  1278 | D:2      | Reached XP level 5. HP: 42/47 MP: 4/4
  1490 | D:2      | Found a stormy altar of Qazlal.
  1491 | D:2      | Found a shadowy altar of Dithmenos.
  1818 | D:3      | Found a faded altar of an unknown god.
  2818 | D:4      | Found a sacrificial altar of Ru.
  3052 | D:4      | Noticed Duvessa
  3054 | D:4      | Noticed Dowan
  3055 | D:4      | Noticed an ogre
  3063 | D:4      | Killed Duvessa
  3063 | D:4      | Reached skill level 5 in Armour
  3063 | D:4      | Reached skill level 5 in Shields
  3063 | D:4      | Reached XP level 6. HP: 49/55 MP: 5/5
  3064 | D:4      | Noticed Edmund
  3071 | D:4      | Noticed Grinder
  3075 | D:4      | Killed Edmund
  3075 | D:4      | Reached skill level 5 in Long Blades
  3075 | D:4      | Reached XP level 7. HP: 37/60 MP: 6/6
  3076 | D:4      | Killed Dowan
  3076 | D:4      | Reached skill level 5 in Fighting
  3079 | D:4      | HP: 3/61 [Grinder (2)]
  3086 | D:4      | Killed Grinder
  3905 | D:5      | Entered Level 5 of the Dungeon
  4129 | D:5      | Reached XP level 8. HP: 68/68 MP: 7/7
  5255 | D:6      | Found a hide-covered altar of Uskayaw.
  5329 | D:6      | Reached skill level 1 in Stealth
  5709 | D:6      | Reached XP level 9. HP: 27/75 MP: 8/8
  5958 | D:6      | Found a staircase to the Ecumenical Temple.
  5967 | Temple   | Entered the Ecumenical Temple
  6170 | Temple   | Became a worshipper of Warmaster Okawaru
  6307 | D:6      | Found a shimmering altar of Xom.
  6461 | D:6      | Found an ancient bone altar of Kikubaaqudgha.
  6596 | D:7      | Noticed Pikel
  6636 | D:7      | Killed Pikel
  7314 | D:8      | Noticed Maurice
  7342 | D:8      | Killed Maurice
  7342 | D:8      | Reached * piety under Okawaru
  7361 | D:8      | Reached skill level 10 in Shields
  7435 | D:8      | Noticed Grum
  7448 | D:8      | Killed Grum
  7448 | D:8      | Reached XP level 10. HP: 43/86 MP: 9/9
  7689 | D:8      | Reached skill level 10 in Long Blades
  7772 | D:8      | Killed an unseen horror
  7772 | D:8      | Reached ** piety under Okawaru
  7954 | D:8      | Noticed Joseph
  8005 | D:8      | Slain by Joseph

Levels and vault maps discovered:
D:1:      saegor_arrival_simple_d, layout_loops_corners
D:2:      cheibrodos_fertilizer, layout_basic, gammafunk_temple_overflow_statue,
          solitary_fountain, minmay_misc_feat_hallway, minmay_misc_feat_room,
          minmay_parallelograms, grunt_ministairs_10
D:3:      layout_basic, chequers_ecumenical_altar_simple_redux
D:4:      layout_layer_cave, nicolae_ru_awakened_eye, first_ration,
          grunt_decor_arrowhead, uniq_edmund, uniq_grinder, uniq_duvessa
D:5:      layout_basic, lexackson_kobold_supper
D:6:      layout_cave_pools, xom_confusion_cloud,
          nicolae_overflow_hidden_temple, temple_green,
          small_statue_intersection, minmay_stone_trees_small,
          minmay_ogre_servants
D:7:      layout_basic, uniq_pikel
D:8:      layout_rooms, nicolae_qazlal_eye_of_the_storm, uniq_grum, uniq_joseph,
          uniq_maurice
Temple:   regret_index_temple_generic_petals

Skill      XL: |  1  2  3  4  5  6  7  8  9 10 |
---------------+-------------------------------+-----
Fighting       | 4 5 6 7 |  7.6
Shields        | 4 5 6 8 10 | 10.6
Armour         | 4 5 6 7 8 |  8.7
Long Blades    | 3 4 5 8 9 10 | 10.3
Dodging        | 1 2 3 |  3.5
Stealth        | 1 |  1.0

Action                   |  1- 3 |  4- 6 |  7- 9 | 10-12 || total
-------------------------+-------+-------+-------+-------++-------
Melee: Long sword        |    85 |   183 |   456 |    64 ||   788
       Headbutt          |    13 |    24 |   102 |    18 ||   157
Invok: Heroism           |       |       |       |     2 ||     2
  Use: Scroll            |       |    12 |     4 |       ||    16
       Potion            |       |     1 |     2 |       ||     3
  Eat: Chunk             |       |     7 |    15 |     2 ||    24
Armor: Scale mail        |    59 |    31 |       |       ||    90
       Chain mail        |       |    57 |   152 |    38 ||   247
Dodge: Dodged            |    40 |    48 |    94 |    16 ||   198
Block: Shield            |    79 |   117 |   268 |    60 ||   524
       Rpst.: Long sword |     6 |     5 |    25 |     2 ||    38

Table legend:
 A = Non-vault XP
 B = Vault XP
 C = Vault XP percentage of total XP
 D = Non-vault monster count
 E = Vault monster count
 F = Vault count percentage of total count
                 A         B        C        D         E       F
            +---------+---------+-------+---------+---------+-------
      Total |    4368 |    2632 |  37.6 |     162 |      46 |  22.1
            +---------+---------+-------+---------+---------+-------
        D:1 |      44 |       0 |   0.0 |      24 |       0 |   0.0
        D:2 |      63 |     122 |  65.9 |      21 |      19 |  47.5
        D:3 |      64 |       0 |   0.0 |      21 |       0 |   0.0
        D:4 |     277 |     663 |  70.5 |      13 |       4 |  23.5
        D:5 |     777 |     112 |  12.6 |      25 |       8 |  24.2
        D:6 |    1272 |     267 |  17.3 |      29 |      10 |  25.6
        D:7 |     295 |     617 |  67.7 |       8 |       1 |  11.1
        D:8 |    1576 |     851 |  35.1 |      21 |       4 |  16.0
            +---------+---------+-------+---------+---------+-------
